Blues vs Stars

Created - January 19, 2020 at 08:43

Goals
1 2 3 T
Blues 0 1 1 2
Stars 1 0 0 1
Shots
1 2 3 T
Blues 12 9 6 27
Stars 16 3 9 28

1st period

1. Stars , Ted Purcell 6 (Cory Emmerton 5, Andrej Sustr 5) at 17:34

Penalties :
No Penalty

2nd period

2. Blues , Nicklas Backstrom 15 (Alex Pietrangelo 32) at 15:05

Penalties :
Filip Forsberg (STL) for High sticking (Minor) at 2:53, B.J. Crombeen (Dal) for Tripping (Minor) at 5:20, Cam Atkinson (Dal) for Roughing (Minor) at 7:37, Guillaume Latendresse (Dal) for Holding (Minor) at 15:16

3rd period

3. Blues , Riley Sheahan 4 (Alex Pietrangelo 33, David Perron 21) at 17:02

Penalties :
Alexander Frolov (Dal) for Tripping (Minor) at 3:36, David Perron (STL) for Hooking (Minor) at 6:09

Goalie Stats

Carey Price (STL), 27 saves from 28 shots - (0.964), W, 11-14-4, 60:00 minutes
Cory Schneider (Dal), 25 saves from 27 shots - (0.926), L, 20-9-1, 59:06 minutes

Players Stats for Blues

Player Name              G  A  P  +/- PIM S  H  SB GA TA FO     MP     PP MP  PK MP  
------------------------------------------------------------------------------------
Alex Pietrangelo         0  2  2   1  0   3  2  1  2  1  0/0    25:51   4:29   2:37 
Cody Ceci                0  0  0   0  0   0  0  0  0  0  0/0    14:24   0:00   2:37 
David Perron             0  1  1   1  2   4  3  1  0  0  0/2    19:40   3:43   0:39 
Dougie Hamilton          0  0  0   0  0   0  0  1  0  1  0/0    14:29   3:27   0:00 
Filip Forsberg           0  0  0  -1  2   0  1  2  1  0  0/0    16:42   4:13   0:21 
Jake Gardiner            0  0  0   0  0   0  0  2  0  3  0/0    24:25   4:29   1:21 
Jean-Gabriel Pageau      0  0  0  -1  0   3  4  1  0  0  5/10   17:50   3:43   1:10 
Jordan Eberle            0  0  0   1  0   0  1  1  0  1  2/3    21:48   4:13   2:23 
Linus Omark              0  0  0   0  0   1  4  0  0  0  0/0     9:27   0:00   0:00 
Nicklas Backstrom        1  0  1   1  0   7  1  0  1  0  13/20  18:39   4:13   0:04 
Riley Sheahan            1  0  1   1  0   3  0  0  0  1  8/13   15:12   0:00   2:23 
Ryan Strome              0  0  0   1  0   2  1  0  0  0  0/0    11:06   0:00   0:00 
Sergei Shirokov          0  0  0  -1  0   0  2  0  0  0  0/1    15:36   3:43   0:00 
Shayne Gostisbehere      0  0  0   0  0   1  0  3  0  0  0/0    18:30   3:27   0:00 
Simon Gagné              0  0  0   1  0   2  1  0  0  0  0/0    13:04   0:00   0:56 
Steve Quailer            0  0  0   0  0   0  1  0  0  0  0/0     8:24   0:00   0:00 
Tomas Plekanec           0  0  0   0  0   0  1  0  0  0  2/3     8:24   0:00   0:00 
Yann Sauvé               0  0  0   1  0   1  1  1  0  0  0/0    22:29   0:00   1:21 

Players Stats for Stars

Player Name              G  A  P  +/- PIM S  H  SB GA TA FO     MP     PP MP  PK MP  
------------------------------------------------------------------------------------
Alex Chiasson            0  0  0   0  0   2  0  0  0  0  0/1    14:28   1:42   0:00 
Alexander Frolov         0  0  0  -1  2   1  1  2  0  0  0/1    13:33   0:00   1:43 
Andrej Sustr             0  1  1   1  0   0  0  0  0  0  0/0    12:52   0:00   0:00 
Antoine Vermette         0  0  0   0  0   0  2  0  0  0  4/8    16:45   1:42   2:23 
B.J. Crombeen            0  0  0   0  2   1  4  1  2  1  0/1    10:39   0:00   0:00 
Boris Valabik            0  0  0  -2  0   0  0  1  0  0  0/0    20:30   1:19   3:11 
Brian Lee                0  0  0   0  0   2  1  1  0  0  0/0    25:53   2:39   4:45 
Cam Atkinson             0  0  0   1  2   0  0  0  0  0  0/0     8:24   0:00   0:00 
Cory Emmerton            0  1  1  -1  0   3  1  1  0  0  2/4    13:08   0:00   1:42 
Evgeny Grachev           0  0  0   1  0   1  0  1  1  0  3/8     8:23   0:00   0:00 
Guillaume Latendresse    0  0  0  -1  2   2  2  0  3  0  1/6    21:29   2:16   3:21 
Ian White                0  0  0   0  0   4  2  2  0  1  0/0    26:09   2:39   4:45 
John Tavares             0  0  0  -1  0   4  0  0  1  1  10/20  22:23   2:16   4:19 
Johnny Oduya             0  0  0  -1  0   0  1  0  0  0  0/0    20:36   1:19   3:11 
Jussi Jokinen            0  0  0   0  0   2  2  0  0  0  1/2    16:54   1:42   2:24 
Michael Grabner          0  0  0  -1  0   2  2  0  0  0  1/1    17:53   2:16   0:00 
Niklas Hjalmarsson       0  0  0   0  0   1  0  1  0  0  0/0    13:10   0:00   0:00 
Ted Purcell              1  0  1   0  0   3  0  0  0  1  0/0     8:51   0:00   0:00 

3 Stars

1 - Carey Price (STL)
2 - Alex Pietrangelo (STL)
3 - Nicklas Backstrom (STL)

Power Play

Blues - 0 on 4 Attempt(s) - 0.00%
Stars - 0 on 2 Attempt(s) - 0.00%

Penalty Kill

Blues - 2 on 2 Attempt(s) - 100.00% - Score 0 goal in Penalty Kill
Stars - 4 on 4 Attempt(s) - 100.00% - Score 0 goal in Penalty Kill

Team Stat

Blues - Hits : 23 - Faceoff Wins : 30 - Blocked Shots : 13 - Penalty Minutes : 4
Stars - Hits : 18 - Faceoff Wins : 22 - Blocked Shots : 10 - Penalty Minutes : 8

Official

Referees : Unknown
Linesman : Unknown

Game Notes

No Game Note

Finance

Level 1 -- Attendance: 5856 (97.60%) -- Ticket Income $614,880
Level 2 -- Attendance: 4115 (82.30%) -- Ticket Income $279,820
Level 3 -- Attendance: 2000 (100.00%) -- Ticket Income $76,000
Level 4 -- Attendance: 3241 (81.03%) -- Ticket Income $106,953
Luxury Box -- Attendance: 914 (91.40%) -- Ticket Income $169,090
Game was played at the American Airlines Center.
Total Attendance: 16126 (89.59%)
Total Ticket Income: $1,246,743
Other Income: $187,011
Total Income: $1,433,754

Blues

5 vs 5 Forward 
   Center                   Left Wing                Right Wing               Time % Phy DF OF 
 1 Nicklas Backstrom        David Perron             Jordan Eberle            40     1   2  2  
 2 Jean-Gabriel Pageau      Filip Forsberg           Sergei Shirokov          30     1   2  2  
 3 Riley Sheahan            Simon Gagné              Ryan Strome              20     1   2  2  
 4 Tomas Plekanec           Linus Omark              Steve Quailer            10     1   2  2  

5 vs 5 Defense 
   Defense                  Defense                                           Time % Phy DF OF 
 1 Alex Pietrangelo         Yann Sauvé                                        40     1   2  2  
 2 Shayne Gostisbehere      Jake Gardiner                                     30     1   2  2  
 3 Cody Ceci                Dougie Hamilton                                   20     1   2  2  
 4 Yann Sauvé               Jake Gardiner                                     10     1   2  2  

PowerPlay Forward 
   Center                   Left Wing                Right Wing               Time % Phy DF OF 
 1 Nicklas Backstrom        Filip Forsberg           Jordan Eberle            60     1   2  2  
 2 Jean-Gabriel Pageau      David Perron             Sergei Shirokov          40     1   2  2  

PowerPlay Defense
   Defense                  Defense                                           Time % Phy DF OF 
 1 Alex Pietrangelo         Jake Gardiner                                     60     1   2  2  
 2 Shayne Gostisbehere      Dougie Hamilton                                   40     1   2  2  

Penalty Kill 4 Players Forward 
   Center                   Wing                     Time % Phy DF OF 
 1 Riley Sheahan            Jordan Eberle            60     1   2  2  
 2 Jean-Gabriel Pageau      Simon Gagné              40     1   2  2  

Penalty Kill 4 Players Defense
   Defense                  Defense                  Time % Phy DF OF 
 1 Alex Pietrangelo         Cody Ceci                60     1   2  2  
 2 Jake Gardiner            Yann Sauvé               40     1   2  2  

Penalty Kill - 3 Players Forward 
   Forward                                           Time % Phy DF OF 
 1 Riley Sheahan                                     60     1   2  2  
 2 Jordan Eberle                                     40     1   2  2  

Penalty Kill - 3 Players Defense
   Defense                  Defense                  Time % Phy DF OF 
 1 Alex Pietrangelo         Cody Ceci                60     1   2  2  
 2 Jake Gardiner            Yann Sauvé               40     1   2  2  

4 vs 4 Forward 
   Center                   Wing                     Time % Phy DF OF 
 1 Nicklas Backstrom        David Perron             60     1   2  2  
 2 Jean-Gabriel Pageau      Jordan Eberle            40     1   2  2  

4 vs 4 Defense
   Defense                  Defense                  Time % Phy DF OF 
 1 Alex Pietrangelo         Cody Ceci                60     1   2  2  
 2 Jake Gardiner            Shayne Gostisbehere      40     1   2  2  

Last Minutes Offensive
   Center                   Left Wing                Right Wing               Defense                  Defense                  
   Nicklas Backstrom        David Perron             Jordan Eberle            Alex Pietrangelo         Jake Gardiner            

Last Minutes Defensive
   Center                   Left Wing                Right Wing               Defense                  Defense                  
   Riley Sheahan            Linus Omark              Jordan Eberle            Yann Sauvé               Cody Ceci                

Goaltenders
Starting : Carey Price              
Backup : Pascal Leclaire          

Extra Forwards
Normal : Jean-Gabriel Pageau, Riley Sheahan, Jordan Eberle - PP : Steve Quailer, Nicklas Backstrom - PK : Filip Forsberg
Extra Defensemen
Normal : Shayne Gostisbehere, Cody Ceci, Jake Gardiner - PP : Shayne Gostisbehere - PK : Shayne Gostisbehere, Jake Gardiner
Penalty Shots
David Perron, Jordan Eberle, Nicklas Backstrom, Filip Forsberg, Linus Omark

Scratches
Drew Shore (Broken Right Thumb Injury), D.J King (Healthy)

Stars

5 vs 5 Forward 
   Center                   Left Wing                Right Wing               Time % Phy DF OF 
 1 John Tavares             Guillaume Latendresse    Michael Grabner          40     1   2  2  
 2 Antoine Vermette         Jussi Jokinen            Alex Chiasson            30     1   2  2  
 3 Cory Emmerton            Alexander Frolov         B.J. Crombeen            20     1   2  2  
 4 Evgeny Grachev           Ted Purcell              Cam Atkinson             10     1   2  2  

5 vs 5 Defense 
   Defense                  Defense                                           Time % Phy DF OF 
 1 Ian White                Brian Lee                                         40     1   2  2  
 2 Boris Valabik            Johnny Oduya                                      30     1   2  2  
 3 Niklas Hjalmarsson       Andrej Sustr                                      20     1   2  2  
 4 Ian White                Brian Lee                                         10     1   2  2  

PowerPlay Forward 
   Center                   Left Wing                Right Wing               Time % Phy DF OF 
 1 John Tavares             Guillaume Latendresse    Michael Grabner          60     0   2  3  
 2 Antoine Vermette         Jussi Jokinen            Alex Chiasson            40     0   2  3  

PowerPlay Defense
   Defense                  Defense                                           Time % Phy DF OF 
 1 Ian White                Brian Lee                                         60     0   2  3  
 2 Boris Valabik            Johnny Oduya                                      40     0   2  3  

Penalty Kill 4 Players Forward 
   Center                   Wing                     Time % Phy DF OF 
 1 John Tavares             Guillaume Latendresse    60     0   3  2  
 2 Jussi Jokinen            Antoine Vermette         40     0   3  2  

Penalty Kill 4 Players Defense
   Defense                  Defense                  Time % Phy DF OF 
 1 Ian White                Brian Lee                60     0   3  2  
 2 Boris Valabik            Johnny Oduya             40     0   3  2  

Penalty Kill - 3 Players Forward 
   Forward                                           Time % Phy DF OF 
 1 John Tavares                                      60     0   3  2  
 2 Guillaume Latendresse                             40     0   3  2  

Penalty Kill - 3 Players Defense
   Defense                  Defense                  Time % Phy DF OF 
 1 Ian White                Brian Lee                60     0   3  2  
 2 Boris Valabik            Johnny Oduya             40     0   3  2  

4 vs 4 Forward 
   Center                   Wing                     Time % Phy DF OF 
 1 John Tavares             Guillaume Latendresse    60     1   2  2  
 2 Jussi Jokinen            Antoine Vermette         40     1   2  2  

4 vs 4 Defense
   Defense                  Defense                  Time % Phy DF OF 
 1 Ian White                Brian Lee                60     1   2  2  
 2 Boris Valabik            Johnny Oduya             40     1   2  2  

Last Minutes Offensive
   Center                   Left Wing                Right Wing               Defense                  Defense                  
   John Tavares             Guillaume Latendresse    Michael Grabner          Ian White                Brian Lee                

Last Minutes Defensive
   Center                   Left Wing                Right Wing               Defense                  Defense                  
   John Tavares             Guillaume Latendresse    Michael Grabner          Ian White                Brian Lee                

Goaltenders
Starting : Cory Schneider           
Backup : Brian Elliott            

Extra Forwards
Normal : Alexander Frolov, Ted Purcell, Cory Emmerton - PP : Alexander Frolov, Ted Purcell - PK : Cory Emmerton
Extra Defensemen
Normal : Niklas Hjalmarsson, Andrej Sustr, Boris Valabik - PP : Niklas Hjalmarsson - PK : Andrej Sustr, Boris Valabik
Penalty Shots
John Tavares, Guillaume Latendresse, Jussi Jokinen, Antoine Vermette, Alexander Frolov

Scratches
Shawn Matthias (Healthy)

% Time on Ice - Blues

Lines # - Real PCT - Wanted PCT - Time Play
Normal Forward
1 - 30% - 40% - 13:58
2 - 30% - 30% - 14:05
3 - 23% - 20% - 10:39
4 - 18% - 10% - 8:24
Normal Defense
1 - 38% - 40% - 17:46
2 - 34% - 30% - 15:48
3 - 22% - 20% - 10:24
4 - 7% - 10% - 3:08
PP Forward
1 - 53% - 60% - 4:13
2 - 47% - 40% - 3:43
PP Defense
1 - 57% - 60% - 4:29
2 - 43% - 40% - 3:27
PK Forward
1 - 85% - 60% - 3:23
2 - 15% - 40% - 0:35
PK Defense
1 - 66% - 60% - 2:37
2 - 34% - 40% - 1:21
PK3 Forward
1 - 0% - 60%
2 - 0% - 40%
PK3 Defense
1 - 0% - 60%
2 - 0% - 40%
44 Forward
1 - 0% - 60%
2 - 0% - 40%
44 Defense
1 - 0% - 60%
2 - 0% - 40%
Last Minute Offensive  - 0:00
Last Minute Defensive  - 1:00
Total
Forward - 60:00
Defense - 60:00

% Time on Ice - Stars

Lines # - Real PCT - Wanted PCT - Time Play
Normal Forward
1 - 32% - 40% - 14:51
2 - 28% - 30% - 13:14
3 - 23% - 20% - 10:39
4 - 18% - 10% - 8:23
Normal Defense
1 - 37% - 40% - 17:14
2 - 35% - 30% - 16:34
3 - 25% - 20% - 11:53
4 - 3% - 10% - 1:26
PP Forward
1 - 57% - 60% - 2:16
2 - 43% - 40% - 1:42
PP Defense
1 - 67% - 60% - 2:39
2 - 33% - 40% - 1:19
PK Forward
1 - 78% - 60% - 6:12
2 - 22% - 40% - 1:44
PK Defense
1 - 60% - 60% - 4:45
2 - 40% - 40% - 3:11
PK3 Forward
1 - 0% - 60%
2 - 0% - 40%
PK3 Defense
1 - 0% - 60%
2 - 0% - 40%
44 Forward
1 - 0% - 60%
2 - 0% - 40%
44 Defense
1 - 0% - 60%
2 - 0% - 40%
Last Minute Offensive  - 0:59
Last Minute Defensive  - 0:00
Total
Forward - 60:00
Defense - 60:00

Play-by-Play

1st period


0:01 of 1st period - John Tavares wins face-off versus David Perron in neutral zone.
0:15 of 1st period - Wrist shot by John Tavares.
0:15 of 1st period - Stopped by Carey Price with a rebound.
0:17 of 1st period - Slapshot by Brian Lee.
0:17 of 1st period - Stopped by Carey Price without a rebound.
0:18 of 1st period - Jean-Gabriel Pageau wins face-off versus Alex Chiasson in Blues zone.
0:57 of 1st period - Backhand shot by Alexander Frolov.
0:57 of 1st period - Stopped by Carey Price with a rebound.
1:15 of 1st period - Slapshot by Nicklas Backstrom.
1:15 of 1st period - Stopped by Cory Schneider without a rebound.
1:16 of 1st period - Tomas Plekanec wins face-off versus Evgeny Grachev in Stars zone.
1:52 of 1st period - Niklas Hjalmarsson is hit by David Perron and loses puck.
2:07 of 1st period - Riley Sheahan is hit by Michael Grabner and loses puck.
2:33 of 1st period - Slapshot by Jussi Jokinen.
2:33 of 1st period - Stopped by Carey Price without a rebound.
2:34 of 1st period - Nicklas Backstrom wins face-off versus Jussi Jokinen in Blues zone.
2:45 of 1st period - Snap shot by David Perron.
2:45 of 1st period - Deflect By Ian White.
2:45 of 1st period - Stopped by Cory Schneider with a rebound.
2:47 of 1st period - Wrist shot by David Perron.
2:47 of 1st period - Shot Misses the Net.
2:49 of 1st period - Slapshot by Jordan Eberle.
2:49 of 1st period - Shot Misses the Net.
2:51 of 1st period - Slapshot by Jake Gardiner.
2:51 of 1st period - Shot Misses the Net.
4:33 of 1st period - Wrist shot by Filip Forsberg.
4:33 of 1st period - Shot Blocked by Boris Valabik.
4:35 of 1st period - Snap shot by Sergei Shirokov.
4:35 of 1st period - Shot Blocked by B.J. Crombeen.
4:37 of 1st period - Snap shot by Jean-Gabriel Pageau.
4:37 of 1st period - Stopped by Cory Schneider with a rebound.
5:54 of 1st period - Slapshot by Jean-Gabriel Pageau.
5:54 of 1st period - Stopped by Cory Schneider without a rebound.
5:55 of 1st period - John Tavares wins face-off versus Nicklas Backstrom in Stars zone.
6:10 of 1st period - Snap shot by Nicklas Backstrom.
6:10 of 1st period - Stopped by Cory Schneider with a rebound.
6:26 of 1st period - Jean-Gabriel Pageau is hit by Michael Grabner and loses puck.
7:08 of 1st period - Michael Grabner is hit by Sergei Shirokov and loses puck.
7:25 of 1st period - Slapshot by Guillaume Latendresse.
7:25 of 1st period - Stopped by Carey Price with a rebound.
7:29 of 1st period - Wrist shot by Michael Grabner.
7:29 of 1st period - Shot Blocked by Yann Sauvé.
7:31 of 1st period - Slapshot by Ian White.
7:31 of 1st period - Deflect By Yann Sauvé.
7:31 of 1st period - Stopped by Carey Price with a rebound.
7:43 of 1st period - Slapshot by John Tavares.
7:43 of 1st period - Shot Blocked by Jake Gardiner.
7:45 of 1st period - Snap shot by John Tavares.
7:45 of 1st period - Shot Misses the Net.
7:47 of 1st period - Slapshot by Brian Lee.
7:47 of 1st period - Stopped by Carey Price without a rebound.
7:48 of 1st period - Nicklas Backstrom wins face-off versus Cory Emmerton in Blues zone.
8:01 of 1st period - Cory Emmerton is hit by David Perron and loses puck.
8:35 of 1st period - Cam Atkinson is hit by Linus Omark and loses puck.
8:44 of 1st period - Wrist shot by Cam Atkinson.
8:44 of 1st period - Deflect By Ted Purcell.
8:44 of 1st period - Stopped by Carey Price with a rebound.
9:14 of 1st period - Slapshot by Nicklas Backstrom.
9:14 of 1st period - Stopped by Cory Schneider with a rebound.
9:22 of 1st period - Alex Pietrangelo is hit by Jussi Jokinen and loses puck.
10:24 of 1st period - Ryan Strome is hit by Cory Emmerton and loses puck.
11:14 of 1st period - Wrist shot by Simon Gagné.
11:14 of 1st period - Stopped by Cory Schneider without a rebound.
11:15 of 1st period - Nicklas Backstrom wins face-off versus Antoine Vermette in Stars zone.
11:26 of 1st period - Wrist shot by David Perron.
11:26 of 1st period - Stopped by Cory Schneider with a rebound.
11:28 of 1st period - Wrist shot by Jordan Eberle.
11:28 of 1st period - Shot Blocked by Ian White.
11:32 of 1st period - Snap shot by David Perron.
11:32 of 1st period - Stopped by Cory Schneider without a rebound.
11:33 of 1st period - John Tavares wins face-off versus Jean-Gabriel Pageau in Stars zone.
11:33 of 1st period - John Tavares is hit by Jean-Gabriel Pageau.
11:41 of 1st period - Slapshot by Brian Lee.
11:41 of 1st period - Shot Blocked by Filip Forsberg.
11:43 of 1st period - Slapshot by Ian White.
11:43 of 1st period - Stopped by Carey Price without a rebound.
11:44 of 1st period - Nicklas Backstrom wins face-off versus John Tavares in Blues zone.
11:44 of 1st period - Nicklas Backstrom is hit by Brian Lee.
11:56 of 1st period - Snap shot by John Tavares.
11:56 of 1st period - Shot Misses the Net.
12:18 of 1st period - Slapshot by Ted Purcell.
12:18 of 1st period - Stopped by Carey Price without a rebound.
12:19 of 1st period - Antoine Vermette wins face-off versus Jean-Gabriel Pageau in Blues zone.
12:20 of 1st period - Snap shot by Alex Chiasson.
12:20 of 1st period - Shot Misses the Net.
12:22 of 1st period - Backhand shot by Ian White.
12:22 of 1st period - Stopped by Carey Price without a rebound.
12:23 of 1st period - Jean-Gabriel Pageau wins face-off versus Antoine Vermette in Blues zone.
13:14 of 1st period - Off-side.
13:15 of 1st period - Tomas Plekanec wins face-off versus Evgeny Grachev in neutral zone.
13:20 of 1st period - Snap shot by Steve Quailer.
13:20 of 1st period - Shot Misses the Net.
13:53 of 1st period - Off-side.
13:54 of 1st period - Jean-Gabriel Pageau wins face-off versus Antoine Vermette in neutral zone.
14:33 of 1st period - Slapshot by Alex Chiasson.
14:33 of 1st period - Stopped by Carey Price without a rebound.
14:34 of 1st period - John Tavares wins face-off versus Nicklas Backstrom in Blues zone.
14:35 of 1st period - Wrist shot by Michael Grabner.
14:35 of 1st period - Stopped by Carey Price with a rebound.
14:37 of 1st period - Slapshot by John Tavares.
14:37 of 1st period - Shot Blocked by Jake Gardiner.
14:39 of 1st period - Snap shot by Guillaume Latendresse.
14:39 of 1st period - Shot Blocked by Shayne Gostisbehere.
14:41 of 1st period - Snap shot by John Tavares.
14:41 of 1st period - Stopped by Carey Price with a rebound.
15:13 of 1st period - Wrist shot by Cam Atkinson.
15:13 of 1st period - Shot Misses the Net.
15:15 of 1st period - Slapshot by Cam Atkinson.
15:15 of 1st period - Shot Blocked by David Perron.
16:12 of 1st period - Backhand shot by Alex Pietrangelo.
16:12 of 1st period - Stopped by Cory Schneider with a rebound.
16:14 of 1st period - Snap shot by Riley Sheahan.
16:14 of 1st period - Stopped by Cory Schneider with a rebound.
16:16 of 1st period - Slapshot by Yann Sauvé.
16:16 of 1st period - Deflect By Riley Sheahan.
16:16 of 1st period - Stopped by Cory Schneider without a rebound.
16:17 of 1st period - Antoine Vermette wins face-off versus Jean-Gabriel Pageau in Stars zone.
16:24 of 1st period - Snap shot by Filip Forsberg.
16:24 of 1st period - Shot Misses the Net.
16:44 of 1st period - Ian White is hit by Jordan Eberle and loses puck.
17:11 of 1st period - Steve Quailer is hit by Alexander Frolov and loses puck.
17:32 of 1st period - Snap shot by Ted Purcell.
17:32 of 1st period - Shot Misses the Net.
17:34 of 1st period - Wrist shot by Ted Purcell.
17:34 of 1st period - Goal by Ted Purcell - Blues : 0 - Stars : 1.
17:35 of 1st period - John Tavares wins face-off versus Nicklas Backstrom in neutral zone.
17:48 of 1st period - Snap shot by Michael Grabner.
17:48 of 1st period - Stopped by Carey Price without a rebound.
17:49 of 1st period - Jordan Eberle wins face-off versus John Tavares in Blues zone.
18:17 of 1st period - Ian White is hit by Sergei Shirokov and loses puck.
19:30 of 1st period - Guillaume Latendresse is hit by Nicklas Backstrom and loses puck.
Goals for this period are 0 for Blues vs 1 for Stars.
Shots for this period are 12 for Blues vs 16 for Stars.

2nd period


0:01 of 2nd period - Jordan Eberle wins face-off versus John Tavares in neutral zone.
0:04 of 2nd period - Brian Lee is hit by David Perron and loses puck.
0:27 of 2nd period - Jussi Jokinen is hit by Jean-Gabriel Pageau and loses puck.
0:48 of 2nd period - Wrist shot by B.J. Crombeen.
0:48 of 2nd period - Stopped by Carey Price without a rebound.
0:49 of 2nd period - Cory Emmerton wins face-off versus Riley Sheahan in Blues zone.
0:56 of 2nd period - Wrist shot by Simon Gagné.
0:56 of 2nd period - Shot Blocked by Alexander Frolov.
0:58 of 2nd period - Snap shot by Jake Gardiner.
0:58 of 2nd period - Shot Blocked by Brian Lee.
1:00 of 2nd period - Snap shot by Riley Sheahan.
1:00 of 2nd period - Shot Misses the Net.
1:38 of 2nd period - Icing by Sergei Shirokov.
1:39 of 2nd period - Jean-Gabriel Pageau wins face-off versus Antoine Vermette in Blues zone.
1:48 of 2nd period - Backhand shot by Filip Forsberg.
1:48 of 2nd period - Shot Misses the Net.
1:56 of 2nd period - Snap shot by Antoine Vermette.
1:56 of 2nd period - Deflect By Alex Chiasson.
1:56 of 2nd period - Shot Blocked by Jean-Gabriel Pageau.
1:56 of 2nd period - Puck is out of play.
1:57 of 2nd period - Nicklas Backstrom wins face-off versus John Tavares in Blues zone.
2:04 of 2nd period - Snap shot by Nicklas Backstrom.
2:04 of 2nd period - Stopped by Cory Schneider without a rebound.
2:05 of 2nd period - John Tavares wins face-off versus Nicklas Backstrom in Stars zone.
2:14 of 2nd period - Snap shot by Nicklas Backstrom.
2:14 of 2nd period - Deflect By David Perron.
2:14 of 2nd period - Shot Misses the Net.
2:14 of 2nd period - Puck is out of play.
2:15 of 2nd period - Nicklas Backstrom wins face-off versus Guillaume Latendresse in Stars zone.
2:22 of 2nd period - Snap shot by Nicklas Backstrom.
2:22 of 2nd period - Stopped by Cory Schneider with a rebound.
2:24 of 2nd period - Snap shot by David Perron.
2:24 of 2nd period - Shot Misses the Net.
2:26 of 2nd period - Slapshot by Yann Sauvé.
2:26 of 2nd period - Deflect By Guillaume Latendresse.
2:26 of 2nd period - Stopped by Cory Schneider with a rebound.
2:28 of 2nd period - Slapshot by Alex Pietrangelo.
2:28 of 2nd period - Shot Misses the Net.
2:30 of 2nd period - Slapshot by Alex Pietrangelo.
2:30 of 2nd period - Stopped by Cory Schneider without a rebound.
2:31 of 2nd period - Antoine Vermette wins face-off versus Jean-Gabriel Pageau in Stars zone.
2:31 of 2nd period - Antoine Vermette is hit by Alex Pietrangelo.
2:37 of 2nd period - Wrist shot by Sergei Shirokov.
2:37 of 2nd period - Shot Blocked by Ian White.
2:53 of 2nd period - Minor Penalty to Filip Forsberg for High sticking.
2:54 of 2nd period - John Tavares wins face-off versus Riley Sheahan in Blues zone.
3:07 of 2nd period - Wrist shot by Guillaume Latendresse.
3:07 of 2nd period - Stopped by Carey Price with a rebound.
3:09 of 2nd period - Slapshot by Brian Lee.
3:09 of 2nd period - Deflect By Michael Grabner.
3:09 of 2nd period - Shot Misses the Net.
3:09 of 2nd period - Puck is out of play.
3:10 of 2nd period - Riley Sheahan wins face-off versus John Tavares in Blues zone.
3:10 of 2nd period - Riley Sheahan is hit by Ian White.
4:15 of 2nd period - Yann Sauvé is hit by Antoine Vermette and loses puck.
4:53 of 2nd period - Penalty to Filip Forsberg is over, Filip Forsberg is back on ice.
5:08 of 2nd period - Slapshot by Jake Gardiner.
5:08 of 2nd period - Shot Blocked by Cory Emmerton.
5:20 of 2nd period - Minor Penalty to B.J. Crombeen for Tripping.
5:21 of 2nd period - Nicklas Backstrom wins face-off versus Guillaume Latendresse in Stars zone.
5:32 of 2nd period - Snap shot by Nicklas Backstrom.
5:32 of 2nd period - Stopped by Cory Schneider with a rebound.
7:20 of 2nd period - Penalty to B.J. Crombeen is over, B.J. Crombeen is back on ice.
7:23 of 2nd period - Icing by Brian Lee.
7:24 of 2nd period - Riley Sheahan wins face-off versus Evgeny Grachev in Stars zone.
7:27 of 2nd period - Snap shot by Simon Gagné.
7:27 of 2nd period - Stopped by Cory Schneider without a rebound.
7:28 of 2nd period - Riley Sheahan wins face-off versus Evgeny Grachev in Stars zone.
7:29 of 2nd period - Wrist shot by Ryan Strome.
7:29 of 2nd period - Stopped by Cory Schneider without a rebound.
7:30 of 2nd period - Evgeny Grachev wins face-off versus Riley Sheahan in Stars zone.
7:30 of 2nd period - Evgeny Grachev is hit by Ryan Strome.
7:37 of 2nd period - Minor Penalty to Cam Atkinson for Roughing.
7:38 of 2nd period - Nicklas Backstrom wins face-off versus John Tavares in Stars zone.
9:37 of 2nd period - Penalty to Cam Atkinson is over, Cam Atkinson is back on ice.
9:52 of 2nd period - Evgeny Grachev is hit by Filip Forsberg and loses puck.
11:01 of 2nd period - Jean-Gabriel Pageau is hit by Jussi Jokinen and loses puck.
12:03 of 2nd period - Niklas Hjalmarsson is hit by Linus Omark and loses puck.
12:27 of 2nd period - Off-side.
12:28 of 2nd period - Evgeny Grachev wins face-off versus Nicklas Backstrom in neutral zone.
12:51 of 2nd period - Ted Purcell is hit by Steve Quailer and loses puck.
12:58 of 2nd period - Snap shot by Tomas Plekanec.
12:58 of 2nd period - Shot Blocked by Evgeny Grachev.
13:16 of 2nd period - Snap shot by Ted Purcell.
13:16 of 2nd period - Shot Misses the Net.
13:20 of 2nd period - Wrist shot by Cam Atkinson.
13:20 of 2nd period - Deflect By Evgeny Grachev.
13:20 of 2nd period - Shot Blocked by Dougie Hamilton.
13:20 of 2nd period - Puck is out of play.
13:21 of 2nd period - Michael Grabner wins face-off versus David Perron in Blues zone.
13:32 of 2nd period - Snap shot by Michael Grabner.
13:32 of 2nd period - Shot Misses the Net.
14:23 of 2nd period - Snap shot by Steve Quailer.
14:23 of 2nd period - Shot Misses the Net.
15:01 of 2nd period - Snap shot by Nicklas Backstrom.
15:01 of 2nd period - Deflect By Jordan Eberle.
15:01 of 2nd period - Shot Misses the Net.
15:01 of 2nd period - Puck is out of play.
15:02 of 2nd period - Nicklas Backstrom wins face-off versus John Tavares in Stars zone.
15:05 of 2nd period - Snap shot by Nicklas Backstrom.
15:05 of 2nd period - Goal by Nicklas Backstrom - Blues : 1 - Stars : 1.
15:06 of 2nd period - Nicklas Backstrom wins face-off versus John Tavares in neutral zone.
15:16 of 2nd period - Minor Penalty to Guillaume Latendresse for Holding.
15:17 of 2nd period - John Tavares wins face-off versus Jordan Eberle in Stars zone.
15:52 of 2nd period - John Tavares is hit by Jean-Gabriel Pageau and loses puck.
17:09 of 2nd period - Sergei Shirokov is hit by Antoine Vermette.
17:16 of 2nd period - Penalty to Guillaume Latendresse is over, Guillaume Latendresse is back on ice.
17:27 of 2nd period - Snap shot by Jussi Jokinen.
17:27 of 2nd period - Stopped by Carey Price with a rebound.
17:33 of 2nd period - Niklas Hjalmarsson is hit by Simon Gagné and loses puck.
18:14 of 2nd period - Cody Ceci is hit by Johnny Oduya and loses puck.
19:10 of 2nd period - Ryan Strome is hit by B.J. Crombeen and loses puck.
19:23 of 2nd period - Guillaume Latendresse is hit by Tomas Plekanec.
19:37 of 2nd period - Slapshot by Alex Pietrangelo.
19:37 of 2nd period - Stopped by Cory Schneider without a rebound.
19:38 of 2nd period - Jean-Gabriel Pageau wins face-off versus Evgeny Grachev in Stars zone.
Goals for this period are 1 for Blues vs 0 for Stars.
Shots for this period are 9 for Blues vs 3 for Stars.

3rd period


0:01 of 3rd period - Nicklas Backstrom wins face-off versus Guillaume Latendresse in neutral zone.
0:39 of 3rd period - Wrist shot by Jean-Gabriel Pageau.
0:39 of 3rd period - Stopped by Cory Schneider without a rebound.
0:40 of 3rd period - Riley Sheahan wins face-off versus John Tavares in Stars zone.
0:59 of 3rd period - Simon Gagné is hit by Guillaume Latendresse and loses puck.
1:34 of 3rd period - Slapshot by Shayne Gostisbehere.
1:34 of 3rd period - Stopped by Cory Schneider with a rebound.
1:42 of 3rd period - Slapshot by Shayne Gostisbehere.
1:42 of 3rd period - Shot Blocked by Alexander Frolov.
1:44 of 3rd period - Snap shot by Linus Omark.
1:44 of 3rd period - Shot Blocked by Niklas Hjalmarsson.
1:46 of 3rd period - Wrist shot by Linus Omark.
1:46 of 3rd period - Stopped by Cory Schneider with a rebound.
1:58 of 3rd period - Slapshot by Niklas Hjalmarsson.
1:58 of 3rd period - Stopped by Carey Price without a rebound.
1:59 of 3rd period - Evgeny Grachev wins face-off versus Jean-Gabriel Pageau in Blues zone.
2:14 of 3rd period - Backhand shot by Evgeny Grachev.
2:14 of 3rd period - Stopped by Carey Price with a rebound.
2:48 of 3rd period - Snap shot by Alex Chiasson.
2:48 of 3rd period - Stopped by Carey Price without a rebound.
2:49 of 3rd period - Antoine Vermette wins face-off versus Riley Sheahan in Blues zone.
3:36 of 3rd period - Minor Penalty to Alexander Frolov for Tripping.
3:37 of 3rd period - Nicklas Backstrom wins face-off versus Guillaume Latendresse in Stars zone.
3:58 of 3rd period - Ian White is hit by Alex Pietrangelo and loses puck.
4:09 of 3rd period - Guillaume Latendresse is hit by Jean-Gabriel Pageau.
4:17 of 3rd period - Snap shot by David Perron.
4:17 of 3rd period - Stopped by Cory Schneider without a rebound.
4:18 of 3rd period - Jussi Jokinen wins face-off versus Sergei Shirokov in Stars zone.
4:34 of 3rd period - Off-side.
4:35 of 3rd period - Guillaume Latendresse wins face-off versus Nicklas Backstrom in neutral zone.
4:46 of 3rd period - Snap shot by John Tavares.
4:46 of 3rd period - Shot Blocked by Alex Pietrangelo.
5:36 of 3rd period - Penalty to Alexander Frolov is over, Alexander Frolov is back on ice.
5:43 of 3rd period - Wrist shot by John Tavares.
5:43 of 3rd period - Deflect By Shayne Gostisbehere.
5:43 of 3rd period - Stopped by Carey Price without a rebound.
5:44 of 3rd period - Riley Sheahan wins face-off versus Cory Emmerton in Blues zone.
5:52 of 3rd period - Snap shot by Ryan Strome.
5:52 of 3rd period - Stopped by Cory Schneider without a rebound.
5:53 of 3rd period - Cory Emmerton wins face-off versus Nicklas Backstrom in Stars zone.
6:09 of 3rd period - Minor Penalty to David Perron for Hooking.
6:10 of 3rd period - John Tavares wins face-off versus Riley Sheahan in Blues zone.
6:11 of 3rd period - Wrist shot by Guillaume Latendresse.
6:11 of 3rd period - Deflect By John Tavares.
6:11 of 3rd period - Stopped by Carey Price with a rebound.
6:13 of 3rd period - Slapshot by Brian Lee.
6:13 of 3rd period - Shot Misses the Net.
6:15 of 3rd period - Snap shot by Ian White.
6:15 of 3rd period - Stopped by Carey Price without a rebound.
6:16 of 3rd period - Riley Sheahan wins face-off versus Guillaume Latendresse in Blues zone.
6:53 of 3rd period - Slapshot by Brian Lee.
6:53 of 3rd period - Shot Misses the Net.
8:09 of 3rd period - Penalty to David Perron is over, David Perron is back on ice.
8:39 of 3rd period - Simon Gagné is hit by B.J. Crombeen and loses puck.
9:12 of 3rd period - Wrist shot by Cory Emmerton.
9:12 of 3rd period - Stopped by Carey Price with a rebound.
9:27 of 3rd period - Snap shot by Cory Emmerton.
9:27 of 3rd period - Stopped by Carey Price with a rebound.
9:29 of 3rd period - Slapshot by Cory Emmerton.
9:29 of 3rd period - Shot Blocked by Shayne Gostisbehere.
9:31 of 3rd period - Snap shot by Cory Emmerton.
9:31 of 3rd period - Shot Blocked by Shayne Gostisbehere.
9:33 of 3rd period - Wrist shot by Cory Emmerton.
9:33 of 3rd period - Stopped by Carey Price with a rebound.
9:35 of 3rd period - Snap shot by Cory Emmerton.
9:35 of 3rd period - Shot Misses the Net.
9:56 of 3rd period - Off-side.
9:57 of 3rd period - John Tavares wins face-off versus Tomas Plekanec in neutral zone.
10:02 of 3rd period - Snap shot by John Tavares.
10:02 of 3rd period - Shot Misses the Net.
10:16 of 3rd period - Brian Lee is hit by Linus Omark and loses puck.
14:14 of 3rd period - Jean-Gabriel Pageau is hit by B.J. Crombeen and loses puck.
14:50 of 3rd period - Ted Purcell is hit by Yann Sauvé and loses puck.
15:55 of 3rd period - Riley Sheahan is hit by Ian White and loses puck.
16:06 of 3rd period - Brian Lee is hit by Linus Omark.
16:54 of 3rd period - Icing by Alexander Frolov.
16:55 of 3rd period - Nicklas Backstrom wins face-off versus Alexander Frolov in Stars zone.
17:02 of 3rd period - Snap shot by Riley Sheahan.
17:02 of 3rd period - Goal by Riley Sheahan - Blues : 2 - Stars : 1.
17:03 of 3rd period - Riley Sheahan wins face-off versus B.J. Crombeen in neutral zone.
17:28 of 3rd period - Nicklas Backstrom is hit by Guillaume Latendresse and loses puck.
18:27 of 3rd period - Jake Gardiner is hit by B.J. Crombeen and loses puck.
18:36 of 3rd period - Snap shot by Cory Emmerton.
18:36 of 3rd period - Deflect By Shayne Gostisbehere.
18:36 of 3rd period - Shot Blocked by Filip Forsberg.
18:36 of 3rd period - Puck is out of play.
18:37 of 3rd period - Riley Sheahan wins face-off versus John Tavares in Blues zone.
19:06 of 3rd period - Stars, Cory Schneider is pulled from the net.
19:22 of 3rd period - Slapshot by Michael Grabner.
19:22 of 3rd period - Shot Blocked by Jordan Eberle.
Goals for this period are 1 for Blues vs 0 for Stars.
Shots for this period are 6 for Blues vs 9 for Stars.